 Dungeon Crawl Stone Soup version 0.12.2-10-g0fb3e6e (webtiles) character file.

1705 oskobi the Chopper (level 8, -17/68 HPs)
             Began as a Minotaur Berserker on July 14, 2013.
             Was an Elder of Trog.
             Shot with an arrow by a centaur (21 damage)
             ... on Level 5 of the Dungeon.
             The game lasted 00:36:00 (4710 turns).

oskobi the Chopper (Minotaur Berserker)             Turns: 4710, Time: 00:36:00

HP -17/68        AC  6     Str 24      XL: 8   Next: 33%
MP   2/2         EV 10     Int  4      God: Trog [****..]
Gold 387         SH  0     Dex 10      Spells:  0 memorised,  7 levels left

Res.Fire  : . . .   See Invis. : .   y - +0,+3 orc hand axe
Res.Cold  : . . .   Warding    : .   j - +0 orc ring mail
Life Prot.: . . .   Conserve   : .   (no shield)
Res.Poison: .       Res.Corr.  : .   (helmet restricted)
Res.Elec. : .       Clarity    : .   (no cloak)
Sust.Abil.: . .     Spirit.Shd : .   (no gloves)
Res.Mut.  : .       Stasis     : .   (no boots)
Res.Rott. : .       Ctrl.Telep.: .   (no amulet)
Saprovore : . . .   Flight     : .   v - +0,+7 ring of slaying {unknown}
                                     b - ring of wizardry

@: slightly resistant to hostile enchantments, extremely unstealthy
A: retaliatory headbutt, horns 2
a: Burn Spellbooks, Berserk, Trog's Hand, Brothers in Arms, Renounce Religion


You were on level 5 of the Dungeon.
You worshipped Trog.
Trog was extremely pleased with you.
You were not hungry.

You visited 1 branch of the dungeon, and saw 5 of its levels.

You collected 367 gold pieces.

Inventory:

Hand weapons
 a - a +0,+0 hand axe (quivered) {=f}
 m - a +0,+0 spear
 t - a +2,+2 halberd
 y - a +0,+3 orcish hand axe (weapon)
 A - a +4,+2 elven short sword
Armour
 j - a +0 orcish ring mail (worn)
 F - a +0 chain mail
Comestibles
 c - a bread ration
 d - a choko
 i - a chunk of orc flesh
 E - 2 cheeses
Scrolls
 o - 2 scrolls of random uselessness
 B - 2 scrolls of remove curse
Jewellery
 b - a ring of wizardry (left hand)
 g - an uncursed amulet of resist mutation {unknown}
 v - a +0,+7 ring of slaying (right hand) {unknown}
Potions
 e - 2 potions of curing
 f - a potion of cure mutation
 h - a potion of resistance
 n - a potion of blood
 u - a potion of brilliance


   Skills:
 + Level 5.6 Fighting
 * Level 7.9 Axes
 + Level 6.9 Armour
 + Level 4.9 Dodging


You had 7 spell levels left.
You didn't know any spells.

Dungeon Overview and Level Annotations

Branches:
Dungeon (5/27)             Temple (0/1) D:5

Altars:
Xom


Innate Abilities, Weirdness & Mutations

You reflexively headbutt those who attack you in melee.
You have a pair of horns on your head.


Message History

The centaur shoots an arrow.
The arrow misses you.
You see here an arrow.
The centaur shoots an arrow.
The arrow hits you!
* * * LOW HITPOINT WARNING * * *
You see here an arrow.
The centaur shoots an arrow.
The arrow hits you!
* * * LOW HITPOINT WARNING * * *
You see here an arrow.
The centaur shoots an arrow.
The arrow hits you!
* * * LOW HITPOINT WARNING * * *
You see here an arrow.
The centaur shoots an arrow.
The arrow misses you.
The centaur shoots an arrow.
The arrow hits you!
* * * LOW HITPOINT WARNING * * *
You see here an arrow.
The centaur shoots an arrow.
The arrow hits you!
* * * LOW HITPOINT WARNING * * *
You see here an arrow.
The centaur shoots an arrow.
The arrow hits you!
You die...

#.#.......# #.# #.#...#.#
..........# #.# ###.#...#.#
#.#.......#####.# #.......#.#
#.#...>......##.# #.#.#...#.# #
#.............#####.#.......###
#...........c.(.....#............
###.........#(####.......##.#####
###########..(....#.##.##.# #.(
#.##@........##.# #.#
#.##.#..###..##.# #.# #.##.#..#
#.....###.# #.......###.....##...
#.#...8.....##.###...
#.....>...##.....#...
#.....8...##.....#...
#.#...<...##......... #
#..................


You could see a centaur.

Vanquished Creatures
  Prince Ribbit (D:4)
  An ogre (D:5)
  2 phantoms
  A giant frog zombie (D:3)
  Duvessa (D:4)
  A centaur skeleton (D:5)
  A hound (D:5)
  Dowan (D:4)
  A crimson imp (D:5)
  An ogre skeleton (D:3)
  4 worker ants
  5 orc wizards
  2 jellies (D:5)
  5 adders
  9 gnolls
  A giant centipede zombie (D:5)
  An inept item mimic (D:2)
  3 worms
  3 giant geckos
  An ooze (D:4)
  16 orcs
  4 bats
  A giant cockroach (D:4)
  8 goblins
  12 hobgoblins
  7 jackals (D:2)
  A quokka (D:3)
  2 ball pythons (D:1)
  2 giant newts
  9 kobolds
  8 rats
115 creatures vanquished.

Vanquished Creatures (others)
  A giant cockroach (D:3)
  A goblin (D:4)
2 creatures vanquished.

Grand Total: 117 creatures vanquished

Notes
Turn   | Place    | Note
--------------------------------------------------------------
     0 | D:1      | oskobi, the Minotaur Berserker, began the quest for the Orb.
     0 | D:1      | Reached XP level 1. HP: 19/19 MP: 0/0
   158 | D:1      | Reached XP level 2. HP: 16/26 MP: 0/0
   181 | D:1      | Reached skill level 4 in Axes
   904 | D:2      | Reached XP level 3. HP: 33/33 MP: 1/1
   909 | D:2      | Acquired Trog's second power
  1234 | D:2      | Reached XP level 4. HP: 40/40 MP: 1/1
  1303 | D:2      | Reached skill level 5 in Axes
  1514 | D:2      | Found a shimmering altar of Xom.
  1747 | D:3      | Reached XP level 5. HP: 46/46 MP: 1/1
  1864 | D:3      | Reached skill level 6 in Axes
  1864 | D:3      | Reached XP level 6. HP: 39/53 MP: 2/2
  2641 | D:3      | HP: 1/53 [cloud of flame (17)]
  2966 | D:4      | Noticed Prince Ribbit
  3122 | D:4      | Killed Prince Ribbit
  3122 | D:4      | Reached skill level 5 in Fighting
  3122 | D:4      | Reached XP level 7. HP: 52/60 MP: 2/2
  3182 | D:4      | Reached skill level 7 in Axes
  3212 | D:4      | Noticed Dowan
  3213 | D:4      | Noticed Duvessa
  3220 | D:4      | Killed Duvessa
  3220 | D:4      | Reached skill level 5 in Armour
  3260 | D:4      | Killed Dowan
  3675 | D:4      | Acquired Trog's third power
  4301 | D:5      | Entered Level 5 of the Dungeon
  4301 | D:5      | Found a staircase to the Ecumenical Temple.
  4367 | D:5      | Reached XP level 8. HP: 39/68 MP: 2/2
  4432 | D:5      | Paralysed by a potion of paralysis for 2 turns
  4710 | D:5      | Shot with an arrow by a centaur

Action                   |  1- 3 |  4- 6 |  7- 9 || total
-------------------------+-------+-------+-------++-------
Melee: Hand axe          |    76 |    93 |   141 ||   310
Invok: Berserk           |       |     1 |     2 ||     3
  Use: Scroll            |     2 |       |    11 ||    13
       Potion            |       |       |     9 ||     9
